 Dungeon Crawl Stone Soup version 0.28-a0-691-gad6df49e81 (webtiles) character file.

Game seed: 16965997855158510945

170 demibob the Spear-Bearer (level 5, -8/38 HPs)
             Began as a Merfolk Gladiator on Oct 20, 2021.
             Was an Initiate of Fedhas.
             Mangled by an iguana (11 damage)
             ... on level 4 of the Dungeon.
             The game lasted 00:05:35 (4046 turns).

demibob the Spear-Bearer (Merfolk Gladiator)        Turns: 4046, Time: 00:05:35

Health: -8/38      AC:  5    Str: 14    XL:     5   Next: 50%
Magic:  5/5        EV: 13    Int:  8    God:    Fedhas [......]
Gold:   165        SH:  0    Dex: 16    Spells: 4/4 levels left

rFire   . . .      SeeInvis .   a - +0 trident
rCold   . . .      Faith    .   (no shield)
rNeg    . . .      Spirit   .   b - +0 leather armour
rPois   .          Reflect  .   c - +1 helmet
rElec   .          Harm     .   k - scarf {+Inv}
rCorr   .          Rampage  .   (no gloves)
Will    .....                   (no boots)
Stlth   +.........              j - amulet of the acrobat
HPRegen 0.12/turn               (no ring)
MPRegen 0.09/turn               (no ring)

@: mighty
A: (nimble swimmer 2), mertail
a: Renounce Religion, Evoke Invisibility


You were on level 4 of the Dungeon.
You worshipped Fedhas.
Fedhas was noncommittal.
You visited 1 branch of the dungeon, and saw 4 of its levels.

You collected 165 gold pieces.


Innate Abilities, Weirdness & Mutations

((You are quick and stealthy near water. (Stealth+, EV+, Speed+++)))
Your lower body shifts to a powerful aquatic tail in water.


   Skills:
 - Level 2.1 Fighting
 + Level 8.5 Polearms
 - Level 2.0 Throwing
 - Level 4.0 Dodging
 + Level 1.1 Invocations


You had 4 spell levels left.
You didn't know any spells.
Your spell library was empty.

Inventory:

Hand Weapons
 a - a +0 trident (weapon)
Missiles
 d - 3 throwing nets (quivered) {=f}
 h - 12 poisoned darts
Armour
 b - a +0 leather armour (worn)
 c - a +1 helmet (worn)
 k - a scarf of invisibility (worn)
Jewellery
 j - an amulet of the acrobat (around neck)
 I - a +6 ring of intelligence
Scrolls
 e - a scroll of vulnerability
 l - a scroll of enchant armour
Potions
 f - a potion of attraction {unknown}
 g - a potion of degeneration {unknown}
 n - a potion of haste {@q3}

Dungeon Overview and Level Annotations

Branches:
Dungeon (4/15)
 Temple: D:4-7

Altars:
Fedhas
Sif Muna
Uskayaw

Shops:
D:2

=
.............##.#.##
.............##.###
.............##.#
.............##..
.............##...
.............###...
.............# ....
........$....# .....
.........@...#
.....<
.........l...#
.............#
.............#
..............░
#########...░ ...░
...+


You could see an iguana.


Message History

You are too injured to fight recklessly!
You hit the iguana but do no damage.
The iguana is almost dead.
The iguana barely misses you.
You hit the iguana but do no damage.
The iguana is almost dead.
The iguana bites you.
* * * LOW HITPOINT WARNING * * *
You closely miss the iguana.
The iguana is almost dead.
The iguana bites you.
* * * LOW HITPOINT WARNING * * *
You closely miss the iguana.
The iguana is almost dead.
The iguana completely misses you.
You closely miss the iguana.
The iguana is almost dead.
The iguana bites you.
* * * LOW HITPOINT WARNING * * *
It was a potion of cancellation.
You feel magically purged. The iguana bites you.
* * * LOW HITPOINT WARNING * * *
It was a potion of might.
You feel very mighty all of a sudden. The iguana closely misses you.
You barely miss the iguana.
The iguana is almost dead.
The iguana bites you!
You die...
Fedhas appreciates your contribution to the ecosystem.

Skill      XL: |  1  2  3  4  5 |
---------------+----------------+-----
Polearms       | 5 6 7 8 |  8.5
Invocations    | 1 |  1.1
Fighting       | |  2.1
Throwing       | |  2.0
Dodging        | |  4.0

Action                   |  1- 3 |  4- 6 || total
-------------------------+-------+-------++-------
Melee: Trident           |   175 |   131 ||   306
  Use: Scroll            |       |     5 ||     5
       Potion            |       |     2 ||     2
 Stab: Sleeping          |     4 |     4 ||     8
       Distracted        |     1 |     1 ||     2
Armor: Leather armour    |    23 |    18 ||    41
Dodge: Dodged            |    84 |    60 ||   144

Levels and vault maps discovered:
D:1:      minmay_arrival_checkered_box, layout_loops_ring,
          minmay_misc_feat_ornament, chequers_serial_rivers_micro_c,
          minmay_misc_feat_plants, minmay_lizard_king
D:2:      minmay_evil_eye, layout_basic, serial_shops, shop
D:3:      layout_loops_corners, shapermc_ecumenical_altar_petra,
          kennysheep_generic_room_7
D:4:      layout_basic, minitemple, temple_green, serial_shops, shop,
          minmay_quadrilaterals

Notes
Turn   | Place    | Note
-------+----------+-------------------------------------------
     0 | D:1      | demibob the Merfolk Gladiator began the quest for the Orb.
     0 | D:1      | Reached XP level 1. HP: 16/16 MP: 1/1
   197 | D:1      | Reached skill level 5 in Polearms
   208 | D:1      | Reached XP level 2. HP: 22/22 MP: 2/2
   654 | D:1      | Reached skill level 6 in Polearms
   654 | D:1      | Reached XP level 3. HP: 27/27 MP: 3/3
  1732 | D:2      | Found Xaffasut's Jewellery Boutique.
  1916 | D:2      | Reached skill level 7 in Polearms
  1916 | D:2      | Reached XP level 4. HP: 28/33 MP: 4/4
  2672 | D:3      | Found a faded altar of an unknown god.
  3023 | D:3      | Reached skill level 8 in Polearms
  3214 | D:3      | Reached XP level 5. HP: 38/38 MP: 5/5
  3701 | D:4      | Found a hide-covered altar of Uskayaw.
  3703 | D:4      | Found a blossoming altar of Fedhas.
  3704 | D:4      | Found a shimmering blue altar of Sif Muna.
  3708 | D:4      | Became a worshipper of Fedhas Madash
  3728 | D:4      | Noticed a black bear
  3891 | D:4      | Reached skill level 1 in Invocations
  4043 | D:4      | HP: 3/38 [iguana (6)]
  4046 | D:4      | Mangled by an iguana

Vanquished Creatures
  An iguana (D:4)
  5 adders
  An adder skeleton (D:4)
  A worm (D:2)
  2 dart slugs
  2 orcs (D:3)
  7 ball pythons
  8 endoplasms
  3 giant cockroaches
  6 goblins
  8 hobgoblins
  7 quokkas
  5 bats
  15 frilled lizards
  7 kobolds
  7 rats
85 creatures vanquished.

Vanquished Creatures (others)
  8 plants (D:1)
8 creatures vanquished.

Grand Total: 93 creatures vanquished

Table legend: (Time is in decaauts)
 A = Elapsed time spent in this place.
 B = Non-inter-level travel time spent in this place.
 C = Inter-level travel time spent in this place.
 D = Time resting spent in this place.
 E = Time spent auto-exploring this place.
 F = Levels seen in this place.
 G = Mean time per level.
                   A        B        C        D        E       F      G
               +--------+--------+--------+--------+--------+-----+--------+
         Total |   4032 |   3961 |     71 |    487 |   2805 |   4 | 1008.0 |
       Dungeon |   4032 |   3961 |     71 |    487 |   2805 |   4 | 1008.0 |
               +--------+--------+--------+--------+--------+-----+--------+

Top non-repeatable levels by time:
     D:2: 1563 daAuts
     D:1: 1072 daAuts
     D:3: 983 daAuts
     D:4: 412 daAuts

Table legend:
 A = Non-vault XP
 B = Vault XP
 C = Vault XP percentage of total XP
 D = Non-vault monster count
 E = Vault monster count
 F = Vault count percentage of total count
                 A         B        C        D         E       F
            +---------+---------+-------+---------+---------+-------
      Total |     208 |      35 |  14.4 |      67 |      18 |  21.2
            +---------+---------+-------+---------+---------+-------
        D:1 |      36 |      10 |  21.7 |      23 |      10 |  30.3
        D:2 |      49 |      16 |  24.6 |      20 |       3 |  13.0
        D:3 |      68 |       3 |   4.2 |      17 |       2 |  10.5
        D:4 |      55 |       6 |   9.8 |       7 |       3 |  30.0
            +---------+---------+-------+---------+---------+-------
